 Seeded DCSS version 0.30-a0-219-gf2db51d15e (webtiles) character file.

Game seed: 3736021085809959607 (custom seed)

9594 purpskrrrp the Grappler (level 11, -4/110 HPs)
             Began as a Troll Fighter on Oct 7, 2022.
             Was a High Priest of Wu Jian.
             Slain by a yak (13 damage)
             ... summoned by an orange crystal statue
             ... on level 10 of the Dungeon.
             The game lasted 00:16:04 (8821 turns).

purpskrrrp the Grappler (Troll Fighter)             Turns: 8821, Time: 00:16:08

Health: -4/110     AC: 20    Str: 30    XL:     11   Next: 25%
Magic:  9/10       EV:  6    Int: -1 (4) God:    Wu Jian [*****.]
Gold:   4513       SH:  0    Dex:  9    Spells: 10/10 levels left

rFire   + . .      SeeInvis .      - Unarmed
rCold   + . .      Faith    .    u - +0 tower shield
rNeg    + . .      Spirit   .    Q - +2 pearl dragon scales
rPois   +          Reflect  +    (helmet restricted)
rElec   +          Harm     .    I - +0 cloak
rCorr   +          Rampage  .    (gloves unavailable)
Will    .....                    (boots unavailable)
Stlth   ..........               d - amulet of reflection
HPRegen 1.18/turn                H - +4 ring of slaying
MPRegen 0.12/turn                v - +4 ring of protection

@: confused, mighty, resistant, slowed, lost intelligence, unable to read, very
slow
A: large, unfitting armour, claws 3, regeneration 1, shaggy fur 1, tough skin 1
a: Renounce Religion, Wall Jump, Serpent's Lash, Heavenly Storm


You were on level 10 of the Dungeon.
You worshipped Wu Jian.
Wu Jian was extremely pleased with you.
You visited 1 branch of the dungeon, and saw 10 of its levels.
You also visited: Sewer and Bailey.

You collected 4513 gold pieces.

Inventory:

Missiles
 D - 2 throwing nets (quivered)
Armour
 a - a +0 robe
 b - a +0 kite shield
 u - a +0 tower shield (worn)
 I - a +0 cloak (worn)
 Q - +2 pearl dragon scales (worn)
 T - the +4 storm dragon scales "Seih" {rElec rC- SInv Stlth+}
   (You found it on level 10 of the Dungeon)

   rC:        It makes you vulnerable to cold.
   rElec:     It insulates you from electricity.
   SInv:      It lets you see invisible.
   Stlth:     It makes you more stealthy.
Jewellery
 d - an amulet of reflection (around neck)
 o - a ring of resist corrosion
 v - a +4 ring of protection (right claw)
 F - an amulet of regeneration
 H - a +4 ring of slaying (left claw)
 N - a ring of poison resistance
 O - a ring of wizardry
 P - a +6 ring of dexterity
 R - a +4 ring of protection
Wands
 s - a wand of flame (8)
 B - a wand of polymorph (10)
 E - a wand of iceblast (8)
 M - a wand of paralysis (10)
Scrolls
 f - 12 scrolls of identify {unknown}
 j - 3 scrolls of vulnerability {unknown}
 l - a scroll of immolation {unknown}
 m - a scroll of torment {unknown}
 n - 6 scrolls of noise {unknown}
 p - 7 scrolls of butterflies {unknown}
 t - a scroll of enchant weapon {unknown}
 x - 6 scrolls of teleportation {unknown}
 y - a scroll of blinking {unknown}
 G - a scroll of magic mapping {unknown}
 L - a scroll of fear {unknown}
 S - a scroll of poison {unknown}
Potions
 c - a potion of might
 e - 2 potions of ambrosia {unknown}
 g - 3 potions of attraction {unknown}
 h - 2 potions of berserk rage {unknown}
 i - 3 potions of lignification {unknown}
 k - 5 potions of curing
 q - 3 potions of degeneration {unknown}
 r - 8 potions of flight
 z - a potion of magic {unknown}
 C - a potion of resistance
 J - 2 potions of haste {unknown}
 K - 2 potions of mutation {unknown}


   Skills:
 + Level 7.7 Fighting
 + Level 2.8 Armour
 - Level 2.4 Dodging
 + Level 8.5 Shields
 * Level 12.4 Unarmed Combat


You had 10 spell levels left.
You didn't know any spells.
Your spell library contained the following spells:

 Spells                   Type           Power      Damage    Failure   Level
 Beastly Appendage        Tmut           0%         N/A       100%        1
 Wereblood                Tmut           0%         N/A       100%        2
 Kindle Blastsparks       Fire/Tloc/Air  0%         2d10      100%        3
 Spider Form              Tmut/Pois      0%         N/A       100%        3
 Airstrike                Air            0%         2d(0-16)  100%        4
 Fulminant Prism          Conj/Hex       0%         3d6       100%        4
 Iskenderun's Mystic Bla  Conj/Tloc      0%         2d3       100%        4
 Summon Lightning Spire   Summ/Air       0%         N/A       100%        4
 Lee's Rapid Deconstruct  Erth           0%         3d5*      100%        5
 Lightning Bolt           Conj/Air       0%         1d11      100%        5


Dungeon Overview and Level Annotations

Branches:
Dungeon (10/15)            Temple (0/1) D:7           Sewer (visited)
 Bailey (visited)
   Lair: D:8-11         Orc: D:9-12

Altars:
Ashenzari
Dithmenos
Gozag
Kikubaaqudgha
Makhleb
Qazlal
Ru
Trog
Uskayaw
Wu Jian
Xom
Yredelemnul
The Shining One

Shops:
D:6 [   D:8 [

Annotations:
D:10 exclusion: orange crystal statue


Innate Abilities, Weirdness & Mutations

You are too large for most types of armour.
You have claws for hands.
Your natural rate of healing is unusually fast.
You are covered in fur. (AC +1)
You have tough skin. (AC +1)


Message History

* * * LOW HITPOINT WARNING * * *
The yak gores you.
* * * LOW HITPOINT WARNING * * *
The yak gores you.
* * * LOW HITPOINT WARNING * * *
The yak gores you but does no damage. You block the yak's attack.
The yak gores you but does no damage.
The acid dragon bites you but does no damage.
The acid dragon claws you.
* * * LOW HITPOINT WARNING * * *
You mangle the yak!!
You kill the yak!
The yak's corpse dissolves into shadows!
The yak gores you!
* * * LOW HITPOINT WARNING * * *
You block the yak's attack. You block the acid dragon's attack.
The acid dragon claws you but does no damage.
You eviscerate the yak!!!
The yak is almost dead.
The yak gores you but does no damage. You block the yak's attack. x2
The yak barely misses you. You block the acid dragon's attack. x2
You barely miss the yak.
The yak is almost dead.
You block the yak's attack. The yak gores you.
* * * LOW HITPOINT WARNING * * *
The yak gores you.
* * * LOW HITPOINT WARNING * * *
The yak gores you.
* * * LOW HITPOINT WARNING * * *
You block the acid dragon's attack.
The acid dragon claws you but does no damage.
The orange crystal statue glitters.
You are confused.
The yak gores you.
* * * LOW HITPOINT WARNING * * *
The yak barely misses you.
The acid dragon bites you but does no damage.
The acid dragon claws you but does no damage.
The yak gores you!
You die...

.# .# ## # # # #
#### ########## ...#
####...YY@Y.+
...#####....!.$DYY##
...'....†#.=888?..#
...#######.)888)...#
#### #.[888?.#.#
##.$:!..#..#
##...#..#.#
######.#.# ..


You could see an orange crystal statue, 5 yaks and an acid dragon (summoned).

Vanquished Creatures
  3 two-headed ogres
  Joseph (D:7)
  An unseen horror (D:7)
  A troll (D:9)
  A hornet (D:9)
  5 yaks (D:8)
  Eustachio (D:4)
  A shadow (D:10)
  2 vampires (D:9)
  3 wyverns
  Grum (D:9)
  3 steam dragons
  3 water moccasins
  The ghost of SigmundSlayer the Trooper, an amateur OgFi of Cheibriados (D:3)
  8 orc warriors
  2 sky beasts (D:7)
  4 black bears
  2 centaurs
  3 wolves (D:9)
  2 ogres
  4 kobold brigands
  Blork the orc (D:6)
  4 bullfrogs
  A necrophage (D:7)
  3 gnoll sergeants
  2 scorpions
  11 wights (D:7)
  A howler monkey (D:5)
  3 hounds
  6 jellies
  Crazy Yiuf (D:6)
  A gnoll bouda (D:8)
  5 orc priests
  2 iguanas (D:6)
  Terence (D:3)
  A hell rat (Sewer)
  2 orc wizards
  5 adders
  16 gnolls
  3 river rats (Sewer)
  2 shadow imps
  A white imp (D:6)
  3 ufetubi
  A worm (D:3)
  A dart slug (D:1)
  24 orcs
  8 endoplasms
  2 giant cockroaches
  6 goblins
  8 hobgoblins
  4 quokkas
  4 ball pythons
  8 bats
  4 frilled lizards
  28 kobolds
  9 rats
234 creatures vanquished.

Vanquished Creatures (others)
  A kobold brigand (D:7)
  An orc (D:7)
2 creatures vanquished.

Grand Total: 236 creatures vanquished

Notes
Turn   | Place    | Note
-------+----------+-------------------------------------------
     0 | D:1      | purpskrrrp the Troll Fighter began the quest for the Orb.
     0 | D:1      | Reached XP level 1. HP: 22/22 MP: 0/0
    62 | D:1      | Found a faded altar of an unknown god.
   340 | D:1      | Reached XP level 2. HP: 29/29 MP: 1/1
   831 | D:1      | Prayed at the altar of an unknown god.
   831 | D:1      | Became a worshipper of the Wu Jian Council
   831 | D:1      | Reached * piety under Wu Jian
  1490 | D:2      | Reached XP level 3. HP: 36/36 MP: 2/2
  1536 | D:2      | Reached skill level 3 in Unarmed Combat
  1870 | D:3      | Noticed Terence
  1877 | D:3      | Killed Terence
  1878 | D:3      | Reached XP level 4. HP: 42/44 MP: 3/3
  1883 | D:3      | Found a runed translucent door.
  1888 | D:3      | Noticed SigmundSlayer's ghost (amateur OgFi)
  2015 | D:3      | Reached ** piety under Wu Jian
  2290 | D:3      | Killed SigmundSlayer's ghost
  2291 | D:3      | Reached skill level 4 in Unarmed Combat
  2291 | D:3      | Reached XP level 5. HP: 20/53 MP: 4/4
  2394 | D:4      | Reached XP level 6. HP: 61/61 MP: 5/5
  2443 | D:4      | Found a glowing drain.
  2457 | Sewer    | Entered a sewer
  2596 | D:4      | Reached skill level 5 in Unarmed Combat
  2667 | D:4      | Identified the +7 hand axe of the Middle {vorpal, rC+}
  2670 | D:4      | Noticed Eustachio
  2694 | D:4      | Killed Eustachio
  2695 | D:4      | Reached XP level 7. HP: 55/68 MP: 6/6
  2869 | D:4      | Found a bloodstained altar of Trog.
  3006 | D:5      | Entered Level 5 of the Dungeon
  3071 | D:5      | Found a sacrificial altar of Ru.
  3174 | D:5      | Reached skill level 6 in Unarmed Combat
  3398 | D:5      | Found a basalt altar of Yredelemnul.
  3400 | D:5      | Noticed a profane servitor
  3441 | D:5      | Identified the +6 quarterstaff of Narrow Action {drain,
                  | *Corrode Will+ Str+2 Int+3}
  3676 | D:5      | Found a glowing golden altar of the Shining One.
  3845 | D:5      | Noticed an angel
  3988 | D:6      | Reached *** piety under Wu Jian
  3989 | D:6      | Reached skill level 5 in Shields
  3989 | D:6      | Reached XP level 8. HP: 58/79 MP: 7/7
  4029 | D:6      | Reached skill level 7 in Unarmed Combat
  4079 | D:6      | Noticed Blork the orc
  4080 | D:6      | Found Jassox's Armour Boutique.
  4094 | D:6      | Killed Blork the orc
  4248 | D:6      | Reached skill level 5 in Fighting
  4265 | D:6      | Found a runed translucent door.
  4266 | D:6      | Noticed Crazy Yiuf
  4390 | D:6      | Reached skill level 8 in Unarmed Combat
  4703 | D:6      | Killed Crazy Yiuf
  4852 | D:7      | Found a shimmering altar of Xom.
  4885 | D:7      | Reached XP level 9. HP: 85/88 MP: 8/8
  4955 | D:7      | Found a staircase to the Ecumenical Temple.
  4995 | D:7      | Found a burning altar of Makhleb.
  4995 | D:7      | Found the +10 morningstar "Eos" {elec, Halo rElec}
  5075 | D:7      | Reached skill level 9 in Unarmed Combat
  5293 | D:7      | Noticed Joseph
  5297 | D:7      | Reached **** piety under Wu Jian
  5305 | D:7      | Killed Joseph
  5441 | D:7      | Reached skill level 10 in Unarmed Combat
  5540 | D:7      | Killed an unseen horror
  5667 | D:7      | Reached XP level 10. HP: 94/100 MP: 9/9
  6065 | D:8      | Found a shadowy altar of Dithmenos.
  6161 | D:8      | Found Xefixkei's Antique Armour Shop.
  6177 | D:8      | Found a broken altar of Ashenzari.
  6232 | D:8      | Reached skill level 11 in Unarmed Combat
  6592 | D:8      | Found a hide-covered altar of Uskayaw.
  7077 | D:9      | Found a flagged portal.
  7084 | D:9      | Identified 3 scrolls of acquirement
  7084 | D:9      | Acquired 1210 gold pieces
  7085 | D:9      | Acquired +2 pearl dragon scales
  7097 | D:9      | Acquired 704 gold pieces
  7108 | Bailey   | Entered a bailey
  7150 | Bailey   | Reached ***** piety under Wu Jian
  7411 | Bailey   | Reached skill level 1 in Armour
  7500 | D:9      | Noticed Grum
  7518 | D:9      | Killed Grum
  7532 | D:9      | Noticed a two-headed ogre
  7543 | D:9      | Killed a two-headed ogre
  7596 | D:9      | Noticed a two-headed ogre
  7600 | D:9      | Killed a two-headed ogre
  7601 | D:9      | Reached skill level 12 in Unarmed Combat
  7601 | D:9      | Reached XP level 11. HP: 97/109 MP: 10/10
  7784 | D:9      | Found a stormy altar of Qazlal.
  7872 | D:9      | Found an ornate altar of the Wu Jian Council.
  7956 | D:9      | Found an ancient bone altar of Kikubaaqudgha.
  8167 | D:10     | Entered Level 10 of the Dungeon
  8213 | D:10     | Noticed a two-headed ogre
  8226 | D:10     | Killed a two-headed ogre
  8490 | D:10     | Found an opulent altar of Gozag.
  8778 | D:10     | Acquired 899 gold pieces
  8789 | D:10     | Noticed an orange crystal statue
  8794 | D:10     | Identified the +4 storm dragon scales "Seih" {rElec rC-
                  | SInv Stlth+}
  8794 | D:10     | Lost intelligence.
  8821 | D:10     | Slain by a yak

Illustrated notes

Levels and vault maps discovered:
D:1:      mrwooster_arrival_statue_2, layout_loops_corners,
          basic_ecumenical_altar
D:2:      layout_basic
D:3:      layout_rooms, ebering_ghost_sewer_d, kennysheep_generic_room_10,
          uniq_terence
D:4:      layout_cave_pools, trog_butcher_becter, portal_sewer_entry_d,
          uniq_eustachio
D:5:      layout_gridville, hangedman_ru_absence, grunt_temple_overflow_holy_war
D:6:      layout_basic, kennysheep_diamond, uniq_crazy_yiuf_cottage,
          uniq_blork_the_orc
D:7:      minmay_polygon_palace, layout_loops_ring,
          mainiacjoe_overflow_surrounded_room, bloody_makhleb,
          lemuel_temple_firewalk_a, minmay_statues_item, grunt_ministairs_12,
          uniq_joseph
D:8:      layout_layer_cave, eat_drink_and_be_merry_uskayaw,
          nicolae_dithmenos_through_a_glass_darkly, lemuel_tele_altar,
          serial_shops, shop_fountains
D:9:      layout_roguey, nicolae_qazlal_eye_of_the_storm,
          pdpol_wu_jian_five_deadly_venoms, lemuel_coloured_pillars_altar,
          enter_bailey_2, uniq_grum
D:10:     layout_roguey, slow_altar_2,
          mainiacjoe_overflow_concentric_impassable, minmay_protected_statue

Skill      XL: |  1  2  3  4  5  6  7  8  9 10 |
---------------+-------------------------------+-----
Shields        | 3 4 5 6 7 8 |  8.5
Unarmed Combat | 3 4 5 6 8 10 12 | 12.4
Fighting       | 3 4 5 6 7 |  7.7
Armour         | 2 |  2.8
Dodging        | |  2.4

Action                   |  1- 3 |  4- 6 |  7- 9 | 10-12 || total
-------------------------+-------+-------+-------+-------++-------
Melee: Unarmed           |    81 |   124 |   263 |   231 ||   699
Invok: Lunge             |     6 |     6 |    16 |    17 ||    45
       Whirlwind         |       |     4 |     5 |     6 ||    15
  Use: Scroll            |       |       |       |     4 ||     4
       Potion            |       |       |       |     9 ||     9
Armor: Robe              |    18 |    35 |    76 |    15 ||   144
       Pearl dragon scal |       |       |       |   113 ||   113
Dodge: Dodged            |    20 |    25 |    39 |    63 ||   147
Block: Kite shield       |    40 |    34 |       |       ||    74
       Reflection        |       |     4 |     6 |    48 ||    58
       Tower shield      |       |    71 |   258 |   307 ||   636

Table legend: (Time is in decaauts)
 A = Elapsed time spent in this place.
 B = Non-inter-level travel time spent in this place.
 C = Inter-level travel time spent in this place.
 D = Time resting spent in this place.
 E = Time spent auto-exploring this place.
 F = Levels seen in this place.
 G = Mean time per level.
                   A        B        C        D        E       F      G
               +--------+--------+--------+--------+--------+-----+--------+
         Total |   8918 |   8587 |    331 |     78 |   6692 |  12 |  743.2 |
       Dungeon |   8460 |   8129 |    331 |     78 |   6551 |  10 |  846.0 |
         Sewer |     93 |     93 |      0 |      0 |     40 |   1 |   93.0 |
        Bailey |    364 |    364 |      0 |      0 |    100 |   1 |  364.0 |
               +--------+--------+--------+--------+--------+-----+--------+

Top non-repeatable levels by time:
     D:7: 1273 daAuts
     D:8: 1055 daAuts
     D:2: 945 daAuts
     D:5: 913 daAuts
     D:6: 850 daAuts
     D:1: 849 daAuts
     D:9: 728 daAuts
    D:10: 666 daAuts
     D:4: 609 daAuts
     D:3: 567 daAuts
  Bailey: 364 daAuts
   Sewer: 93 daAuts
